 Dungeon Crawl Stone Soup version 0.28.0-53-g5a82cb258f (webtiles) character file.

Game seed: 680010085789577692

1204 jamesp the Insei (level 8, 0/53 HPs)
             Began as an Octopode Transmuter on Aug 18, 2022.
             Killed by vampiric draining
             ... invoked by a vampire
              (13 damage)
             ... on level 7 of the Dungeon.
             The game lasted 00:19:31 (8024 turns).

jamesp the Insei (Octopode Transmuter)              Turns: 8024, Time: 00:19:31

Health: 0/53       AC:  1    Str: 10    XL:     8   Next: 45%
Magic:  13/14      EV: 17    Int: 17    God:
Gold:   344        SH:  0    Dex: 12    Spells: 11/15 levels left

rFire   . . .      SeeInvis .     - Unarmed
rCold   . . .      Faith    .   (no shield)
rNeg    . . .      Spirit   .   (helmet currently unavailable)
rPois   .          Reflect  .   (no amulet)
rElec   .          Harm     .   b - +4 ring of evasion
rCorr   +          Rampage  .   w - ring of resist corrosion
Will    .....                   (no ring)
Stlth   ++........              (no ring)
HPRegen 0.17/turn               (no ring)
MPRegen 0.14/turn               (no ring)
                                (no ring)
                                (no ring)

@: mighty, appendages
A: tentacle spike 3, almost no armour, amphibious, 8 rings, camouflage 1,
gelatinous body 1, (nimble swimmer 1), tentacles
a: End Transformation


You were on level 7 of the Dungeon.
One of your tentacles had grown a beastly spike.
You visited 1 branch of the dungeon, and saw 7 of its levels.
You also visited: Sewer.

You collected 344 gold pieces.

Inventory:

Hand Weapons
 a - a +5 hunting sling of freezing
Missiles
 d - 243 stones
 e - 22 poisoned darts
 f - 72 bolts
 l - 52 arrows
 y - 22 sling bullets
 D - 6 boomerangs
Jewellery
 b - a +4 ring of evasion (left tentacle)
 w - a ring of resist corrosion (right tentacle)
Wands
 o - a wand of iceblast (11)
 x - a wand of polymorph (7)
 B - a wand of flame (11)
Scrolls
 g - a scroll of enchant weapon
 h - 2 scrolls of vulnerability {unknown}
 j - a scroll of fog {unknown}
 k - 2 scrolls of enchant armour {unknown}
 m - 4 scrolls of immolation
 p - 2 scrolls of blinking
 q - a scroll of fear {unknown}
 r - a scroll of torment {unknown}
 u - a scroll of noise {unknown}
 v - a scroll of brand weapon {unknown}
 C - a scroll of magic mapping {unknown}
Potions
 c - a potion of might
 i - 2 potions of degeneration
 n - 3 potions of curing
 s - 3 potions of mutation
 t - a potion of attraction {unknown}
 z - a potion of haste {unknown}
 A - a potion of resistance {unknown}


   Skills:
 + Level 3.6 Fighting
 - Level 3.0 Dodging
 + Level 6.3 Unarmed Combat
 - Level 4.0 Spellcasting
 + Level 5.9 Transmutations


You had 11 spell levels left.
You knew the following spells:

 Your Spells              Type           Power      Damage    Failure   Level
a - Beastly Appendage     Tmut           46%        N/A       1%          1
b - Call Canine Familiar  Summ           3%         N/A       43%         3

Your spell library contained the following spells:

 Spells                   Type           Power      Damage    Failure   Level
 Wereblood                Tmut           23%        N/A       1%          2
 Spider Form              Tmut/Pois      13%        N/A       14%         3
 Summon Small Mammal      Summ           12%        N/A       16%         1
 Summon Guardian Golem    Hex/Summ       3%         N/A       43%         3
 Ice Form                 Ice/Tmut       13%        N/A       43%         4


Dungeon Overview and Level Annotations

Branches:
Dungeon (7/15)             Temple (0/1) D:6           Sewer (visited)

Altars:
Elyvilon
Fedhas
Gozag
Makhleb
Vehumet
Xom
Yredelemnul
Zin
The Shining One

Shops:
D:4 *

Annotations:
D:5 exclusion: statue


Innate Abilities, Weirdness & Mutations

One of your tentacles has grown a beastly spike.
You cannot wear most types of armour.
You are amphibious.
You can wear up to eight rings at the same time.
Your skin changes colour to match your surroundings (Stealth+).
Your rubbery body absorbs attacks. (AC +1, EV +1)
((You are camouflaged when in or above water. (Stealth+)))
You have tentacles for arms and can constrict up to eight enemies at once.


Message History

Found a stone staircase leading down.
Found a potion of might.
Found 20 bolts.
c - 2 potions of might (gained 1)
There is a stone staircase leading down here.
f - 72 bolts (gained 20)
You now have 336 gold pieces (gained 16).
You now have 344 gold pieces (gained 8).
Found a stone staircase leading down.
A vampire comes into view.
Aiming: Throw Flame
Press: ? - help, Shift-Dir - straight line, f - vampire
Aim: a vampire (68% to hit)
The puff of flame hits the vampire.
The vampire is lightly damaged.
A killer bee zombie comes into view.
Aiming: Throw Flame
Press: ? - help, Shift-Dir - straight line, f/p - vampire
Aim: a vampire (lightly damaged, 68% to hit)
The puff of flame hits the killer bee zombie.
The killer bee zombie is lightly damaged.
You feel very mighty all of a sudden. The vampire hits you!
The vampire completely misses you.
Casting: Beastly Appendage (safe; 1% risk of failure)
Confirm with . or Enter, or press ? or * to list all spells.
One of your tentacles grows a vicious spike.
The vampire hits you. The vampire bites you.
The vampire draws strength from your injuries!
You bludgeon the vampire! You grab the vampire.
You pierce the vampire!
The vampire is severely damaged.
You constrict the vampire. The killer bee zombie misses you.
The vampire hits you. The vampire bites you!
The vampire draws strength from your injuries!
The killer bee zombie hits you.
You tentacle-slap the vampire.
You pierce the vampire.
The vampire is severely damaged.
You constrict the vampire. The killer bee zombie hits you!
* * * LOW HITPOINT WARNING * * *
The vampire draws life force from you!
You die...

###### ####
##....####### ....#
##.......#..#.
.....#
##...#####.....
......# ##.####
#.....
.......###.##
#..... .......Z#.##
#..... .......V@##
##..... .........#
#...... .........#
#...... ..........#
##.....
...........# ##....
............# #####
....>.........#
...............#
#...............###
#


You could see a vampire and a killer bee zombie.

Vanquished Creatures
  A steam dragon (D:6)
  2 ogres
  A kobold brigand (D:5)
  2 bullfrogs (Sewer)
  A scorpion (D:6)
  A howler monkey (D:6)
  A centaur zombie (D:6)
  A bullfrog zombie (D:5)
  A hound (D:5)
  2 jellies
  A centaur skeleton (D:6)
  An orc priest (D:6)
  Natasha (thrice) (D:2)
  2 hound skeletons
  13 adders
  2 shadow imps
  A white imp (D:5)
  2 worms (D:2)
  4 dart slugs
  11 orcs
  14 ball pythons
  6 bats
  12 endoplasms
  10 giant cockroaches
  2 hobgoblins
  9 quokkas
  7 frilled lizards
  9 goblins
  11 kobolds
  A quokka skeleton (D:4)
  5 rats
139 creatures vanquished.

Notes
Turn   | Place    | Note
-------+----------+-------------------------------------------
     0 | D:1      | jamesp the Octopode Transmuter began the quest for the Orb.
     0 | D:1      | Reached XP level 1. HP: 13/13 MP: 3/3
   210 | D:1      | Reached XP level 2. HP: 18/18 MP: 3/5
   239 | D:1      | Found a faded altar of an unknown god.
   788 | D:2      | Reached XP level 3. HP: 11/23 MP: 4/6
  1432 | D:2      | Reached XP level 4. HP: 28/28 MP: 5/7
  1882 | D:2      | Noticed Natasha
  1889 | D:2      | Killed Natasha
  2150 | D:2      | Noticed Natasha
  2155 | D:2      | Killed Natasha
  2185 | D:2      | Noticed Natasha
  2193 | D:2      | Killed Natasha
  2194 | D:2      | Reached XP level 5. HP: 17/33 MP: 7/9
  2333 | D:3      | Found a shimmering altar of Xom.
  2689 | D:3      | Reached skill level 4 in Unarmed Combat
  3509 | D:4      | Found Naik's Assorted Antiques.
  3575 | D:4      | Reached XP level 6. HP: 33/38 MP: 8/11
  4076 | D:4      | Found a basalt altar of Yredelemnul.
  4198 | D:5      | Entered Level 5 of the Dungeon
  4528 | D:5      | Found a glowing silver altar of Zin.
  4528 | D:5      | Found an opulent altar of Gozag.
  4613 | D:5      | Found a glowing drain.
  4618 | Sewer    | Entered a sewer
  5136 | Sewer    | Reached XP level 7. HP: 34/43 MP: 10/13
  5139 | Sewer    | Reached skill level 5 in Unarmed Combat
  5625 | D:5      | Reached skill level 5 in Transmutations
  5852 | D:5      | Found a radiant altar of Vehumet.
  7015 | D:6      | Found a blossoming altar of Fedhas.
  7020 | D:6      | Found a glowing golden altar of the Shining One.
  7125 | D:6      | Learned a level 3 spell: Call Canine Familiar
  7134 | D:6      | Reached XP level 8. HP: 50/51 MP: 14/14
  7271 | D:6      | Reached skill level 6 in Unarmed Combat
  7633 | D:6      | Found a staircase to the Ecumenical Temple.
  7684 | D:6      | Found a burning altar of Makhleb.
  7706 | D:6      | Identified the +10 whip of Exchange {vamp, rPois Int+2}
  7953 | D:7      | Found a white marble altar of Elyvilon.
  8016 | D:7      | Noticed a vampire
  8024 | D:7      | Killed from afar by a vampire

Illustrated notes

Levels and vault maps discovered:
D:1:      sevenhm_arrival_forest_fort_small_6, layout_basic,
          hellmonk_ecumenical_altar_pennies_from_heaven, minmay_tiny_reverse_x
D:2:      layout_loops_ring, minmay_between, uniq_natasha
D:3:      layout_basic, lemuel_round_altar, minmay_cupped
D:4:      layout_basic, mainiacjoe_overflow_alcove_2, serial_shops,
          kennysheep_mini_moat
D:5:      layout_basic, grunt_temple_overflow_gold_and_silver, vehumet_statue,
          gup_sewer_entry_bowl
D:6:      layout_gridville, bloody_makhleb, mainiacjoe_overflow_big_doors,
          minmay_temple_entry_from_below_a, minivault_19
D:7:      layout_cave_pods, mainiacjoe_overflow_boulevard,
          lightli_church_of_beogh

Skill      XL: |  1  2  3  4  5  6  7  8 |
---------------+-------------------------+-----
Dodging        | 3 |  3.0
Transmutations | 3 4 5 |  5.9
Spellcasting   | 3 4 |  4.0
Unarmed Combat | 4 5 6 |  6.3
Fighting       | 2 3 |  3.6

Action                   |  1- 3 |  4- 6 |  7- 9 || total
-------------------------+-------+-------+-------++-------
Melee: Unarmed           |    66 |   175 |   105 ||   346
       Constrict         |    18 |    48 |    21 ||    87
       Kick              |    13 |    41 |    34 ||    88
       Punch             |     2 |    12 |     8 ||    22
       Tentacles         |    13 |    37 |    23 ||    73
 Cast: Beastly Appendage |    11 |    25 |    12 ||    48
Evoke: Wand              |       |       |     6 ||     6
  Use: Scroll            |       |     7 |     2 ||     9
       Potion            |       |       |     2 ||     2
 Stab: Sleeping          |     4 |    14 |     2 ||    20
       Distracted        |       |       |     1 ||     1
Armor: Skin              |     2 |     4 |     2 ||     8
Dodge: Dodged            |    42 |   101 |    69 ||   212
